[Event "Croatian Championship 2023"]
[Site "Zagreb"]
[Date "2023.12.05"]
[Round "1.1"]
[White "Tica, Sven"]
[Black "Livaic, Leon"]
[Result "0-1"]
[ECO "A50"]
[WhiteElo "2448"]
[BlackElo "2543"]
[Annotator "TA"]
[PlyCount "72"]
[EventDate "2023.12.05"]
[EventType "tourn"]
[EventCountry "CRO"]
[SourceTitle "playchess.com"]
[Source "ChessBase"]
[SourceQuality "1"]
[TimeControl "40/5400+30:1800+30"]

1. d4 Nf6 2. Nf3 b6 3. g3 Bb7 4. Bg2 g6 5. O-O Bg7 6. c4 O-O 7. Nc3 Ne4 8. Nxe4 Bxe4 9. Be3 e6 {A50: Queen's Fianchetto Defence (1 d4 Nf6 2 c4 b6).} 10. Qd2 d6 11. Bh6 Nd7 {The position is equal.} 12. Bxg7 (12. Qf4 {is more complex.} Bb7 13. Bxg7 Kxg7 14. e4) 12... Kxg7 13. Qc3 Qf6 {[#]} 14. Rad1 $146 ({Predecessor:} 14. Rfd1 a5 15. Rac1 Rad8 16. b3 Rfe8 17. Ne1 Bxg2 18. Nxg2 Kg8 19. Ne3 Qg5 20. Qd2 {0-1 Schoppen,C (1906)-Wilschut,P (2258) Maastricht Limburg op-A 8th 2014 (3)}) 14... Rfd8 15. Ne5 dxe5 $15 (15... Bxg2 16. Nxd7 Rxd7 17. Kxg2 $11) 16. Bxe4 exd4 17. Qa3 Rac8 18. Bb7 Rb8 19. Qxa7 Qe5 20. Bc6 Nf6 (20... Qxe2 $2 21. Bxd7 (21. Rxd4 Ne5 $17) 21... c5 22. Rfe1 $18) 21. Rd2 Qc5 {[%csl LRc4,LRc6] Against b4} 22. Qa4 Rd6 23. Bg2 Qg5 {Prevents b4.} 24. Rfd1 c5 25. b4 Qf5 {Black is more active.} 26. Qb5 Rc8 (26... Rdd8 $17) 27. bxc5 (27. a4 $1 $11) 27... bxc5 28. Qb7 e5 29. e3 (29. Rb2 $15) 29... Qe6 $17 30. exd4 cxd4 {Threatens to win with ...Rb6.} 31. Re2 $2 {[%mdl 8192] [#] This costs White the game.} (31. Bf1 $17) 31... d3 $19 (31... Rxc4 $2 {perishes.} 32. Qb3 $19) 32. Re3 ({But not} 32. Rxe5 $2 Qxe5 33. Qxc8 Qe2 $19) 32... Rxc4 33. Rexd3 Rxd3 34. Rxd3 Rc1+ {[%mdl 64] [#] Discovered Attack} 35. Bf1 e4 {( -> ...Qh3)} 36. Rd2 (36. Ra3 $19 Qc4 37. Qa6 Rxf1+ 38. Kg2) 36... Qc4 {Weighted Error Value: White=0.63/Black=0.09 (flawless)} 0-1

[Event "Croatian Championship 2023"]
[Site "Zagreb"]
[Date "2023.12.05"]
[Round "1.2"]
[White "Kovacevic, Blazimir"]
[Black "Rezan, Sasa"]
[Result "0-1"]
[ECO "D30"]
[WhiteElo "2400"]
[BlackElo "2406"]
[Annotator "RC"]
[PlyCount "116"]
[EventDate "2023.12.05"]
[EventType "tourn"]
[EventCountry "CRO"]
[SourceTitle "playchess.com"]
[Source "ChessBase"]
[SourceQuality "1"]
[TimeControl "40/5400+30:1800+30"]

1. d4 d5 2. Nf3 Nf6 3. c4 e6 4. Bg5 dxc4 5. Qa4+ Nbd7 6. e3 Be7 7. Bxc4 O-O 8. O-O a6 9. Qc2 c5 10. dxc5 Bxc5 11. Nbd2 h6 12. Bxf6 Qxf6 13. Ne4 Qe7 14. Rac1 b6 15. a3 Bb7 16. b4 Bxe4 17. Qxe4 Nf6 18. Qd3 Rfd8 19. Qb3 Bd6 20. Nd4 Rdc8 21. Be2 Ne4 22. Rxc8+ Rxc8 23. Qd3 Nc3 24. Qxa6 Qc7 25. g3 Be5 26. Bf3 Bxd4 27. exd4 Rd8 28. Qd3 Nd5 29. Rd1 Nf6 30. Qb3 b5 31. Qb2 Rc8 32. Kg2 g5 33. h3 Qc4 34. Qe2 Nd5 35. Qxc4 bxc4 36. Rc1 Nb6 37. Kf1 Rd8 38. Bc6 Rd6 39. Bb5 Rxd4 40. a4 c3 41. Rxc3 Rxb4 42. Ra3 Kf8 43. Ke2 Ke7 44. Kd1 Kd6 45. Kc2 Kc5 46. Rc3+ Kd4 47. Rb3 Kc5 48. Rxb4 Kxb4 49. Kd3 Nxa4 50. Bxa4 Kxa4 51. Kd4 Kb3 52. Ke5 Kc3 53. Kf6 Kd3 54. Kxf7 e5 55. Kf6 Ke2 56. h4 Kxf2 57. hxg5 hxg5 58. Kxg5 e4 0-1

[Event "Croatian Championship 2023"]
[Site "Zagreb"]
[Date "2023.12.05"]
[Round "1.3"]
[White "Palac, Mladen"]
[Black "Bukal, Vladimir Jr."]
[Result "0-1"]
[ECO "C55"]
[WhiteElo "2478"]
[BlackElo "2337"]
[Annotator "RC"]
[PlyCount "90"]
[EventDate "2023.12.05"]
[EventType "tourn"]
[EventCountry "CRO"]
[SourceTitle "playchess.com"]
[Source "ChessBase"]
[SourceQuality "1"]
[TimeControl "40/5400+30:1800+30"]

1. e4 e5 2. Nf3 Nc6 3. Bc4 Nf6 4. d3 h6 5. a4 d6 6. a5 g6 7. a6 Bg7 8. axb7 Bxb7 9. Nc3 O-O 10. O-O Kh7 11. Be3 Nb4 12. Bb3 a5 13. Nd2 d5 14. Bc5 Re8 15. Qf3 c6 16. Na4 Bc8 17. Bb6 Qd6 18. c3 Na6 19. Bxa5 Rb8 20. Ba2 Bg4 21. Qg3 Be6 22. Rfe1 Nh5 23. Qf3 Nf4 24. b4 h5 25. h3 f5 26. Qe3 Rf8 27. Nf3 Bh6 28. Qa7+ Rf7 29. Qxa6 fxe4 30. dxe4 Nxg2 31. exd5 Nxe1 32. Rxe1 Bxd5 33. Bxd5 Qxd5 34. Nxe5 Re8 35. Nb6 Qd2 36. Qe2 Qg5+ 37. Kh1 Qf5 38. Kg2 Qg5+ 39. Kh1 Qf5 40. Kg2 Rxe5 41. Qxe5 Qxf2+ 42. Kh1 Qf3+ 43. Kg1 Qf2+ 44. Kh1 Rf3 45. Qe6 Rg3 0-1

[Event "Croatian Championship 2023"]
[Site "Zagreb"]
[Date "2023.12.05"]
[Round "1.4"]
[White "Bosiocic, Marin"]
[Black "Rogic, Davor"]
[Result "1/2-1/2"]
[ECO "C92"]
[WhiteElo "2545"]
[BlackElo "2431"]
[Annotator "TA"]
[PlyCount "27"]
[EventDate "2023.12.05"]
[EventType "tourn"]
[EventCountry "CRO"]
[SourceTitle "playchess.com"]
[Source "ChessBase"]
[SourceQuality "1"]
[TimeControl "40/5400+30:1800+30"]

1. e4 e5 2. Nf3 Nc6 3. Bb5 a6 4. Ba4 Nf6 5. O-O Be7 6. Re1 b5 7. Bb3 d6 8. c3 O-O 9. h3 Bb7 10. d4 Re8 {[#]} 11. Ng5 $146 ({Predecessor:} 11. Nbd2 Bf8 12. a3 h6 13. Bc2 Nb8 14. b3 Nbd7 15. a4 g6 16. Bb2 Bg7 17. Bd3 Bc6 18. axb5 axb5 19. Qc2 Nb6 20. d5 Bd7 21. c4 bxc4 22. bxc4 c5 23. Rxa8 Qxa8 24. Ra1 {0-1 Carlsen,M (2835)-Firouzja,A (2777) Bullet Chess Losers blitz 2023 (6.10)}) 11... Rf8 12. Nf3 Re8 13. Ng5 Rf8 14. Nf3 1/2-1/2

[Event "Croatian Championship 2023"]
[Site "Zagreb"]
[Date "2023.12.05"]
[Round "1.5"]
[White "Fercec, Nenad"]
[Black "Novosel, Lovro"]
[Result "0-1"]
[ECO "B90"]
[WhiteElo "2401"]
[BlackElo "2370"]
[Annotator "RC"]
[PlyCount "66"]
[EventDate "2023.12.05"]
[EventType "tourn"]
[EventCountry "CRO"]
[SourceTitle "playchess.com"]
[Source "ChessBase"]
[SourceQuality "1"]
[TimeControl "40/5400+30:1800+30"]

1. e4 c5 2. Nf3 d6 3. d4 cxd4 4. Nxd4 Nf6 5. Nc3 a6 6. Be3 e5 7. Nb3 Be7 8. f3 h5 9. Qd2 Be6 10. O-O-O Nbd7 11. Kb1 Rc8 12. Bd3 b5 13. h3 h4 14. f4 Qc7 15. Rhe1 Nb6 16. Bxb6 Qxb6 17. Nd5 Qd8 18. Qb4 exf4 19. Nxf4 Bxb3 20. Qxb3 Qc7 21. a4 O-O 22. axb5 axb5 23. Ng6 Rfd8 24. e5 dxe5 25. Rxe5 Bc5 26. Rde1 Ra8 27. Ne7+ Kf8 28. Qxb5 Qa7 29. Kc1 Bd6 30. Nc6 Qf2 31. b4 Ra1+ 32. Kb2 Rxe1 33. Rxe1 Qxe1 0-1

[Event "Croatian Championship 2023"]
[Site "Zagreb"]
[Date "2023.12.06"]
[Round "2.1"]
[White "Livaic, Leon"]
[Black "Martinovic, Sasa"]
[Result "1/2-1/2"]
[ECO "C12"]
[WhiteElo "2543"]
[BlackElo "2556"]
[Annotator "TA"]
[PlyCount "38"]
[EventDate "2023.12.05"]
[EventType "tourn"]
[EventCountry "CRO"]
[SourceTitle "playchess.com"]
[Source "ChessBase"]
[SourceQuality "1"]
[TimeControl "40/5400+30:1800+30"]

1. e4 e6 2. d4 d5 3. Nc3 Nf6 4. Bg5 Bb4 5. e5 h6 6. exf6 hxg5 7. fxg7 Rg8 8. h4 gxh4 {The position is equal.} 9. a3 {C12: French: Classical System: McCutcheon Variation.} Bxc3+ 10. bxc3 Qg5 11. Qd2 ({Much worse is} 11. Bb5+ Bd7 12. Bf1 (12. Bxd7+ Nxd7 13. Nf3 Qxg7 $17) 12... Nc6 $17) 11... Qxd2+ 12. Kxd2 Rxg7 13. Rxh4 {[#]} Ke7 $146 ({Predecessor:} 13... Nd7 14. g4 Ke7 15. Nh3 Nb6 16. f4 Bd7 17. Nf2 Rag8 18. Re1 f6 19. Rh5 Kd6 {½-½ Huzita,S (2294)-Davidson,J (2109) WZ-ch sf17 email 2020}) 14. Nf3 b6 15. Ne5 Ba6 16. Rh8 {[#] Threatens to win with Bxa6.} Bb7 17. Rh4 Ba6 18. Rh8 {And now Bxa6 would win.} Bb7 19. Rh4 Ba6 {Not much happened in this game.   Weighted Error Value: White=0.00 (flawless) /Black=0.00 (flawless)} 1/2-1/2

[Event "Croatian Championship 2023"]
[Site "Zagreb"]
[Date "2023.12.06"]
[Round "2.2"]
[White "Novosel, Lovro"]
[Black "Kozul, Zdenko"]
[Result "0-1"]
[ECO "B08"]
[WhiteElo "2370"]
[BlackElo "2532"]
[Annotator "TA"]
[PlyCount "130"]
[EventDate "2023.12.05"]
[EventType "tourn"]
[EventCountry "CRO"]
[SourceTitle "playchess.com"]
[Source "ChessBase"]
[SourceQuality "1"]
[TimeControl "40/5400+30:1800+30"]

1. d4 Nf6 2. Nf3 g6 3. Bf4 d6 4. Nc3 Bg7 5. e4 Bg4 6. Be2 O-O 7. Qd2 Nbd7 {B08: Pirc Defence: Classical System.} 8. h3 Bxf3 9. Bxf3 {[#]} c5 $146 {White has an edge.} ({Predecessor:} 9... e5 10. Be3 exd4 11. Bxd4 Ne5 12. Be2 Nc6 13. Be3 Re8 14. f3 d5 15. Bg5 dxe4 16. Qxd8 Nxd8 17. Bxf6 Bxf6 18. Nxe4 {½-½ Garcia,W (1599)-Bossi,H (1309) Rocha op 2022 (3)}) 10. dxc5 Nxc5 11. e5 dxe5 12. Qxd8 Rfxd8 13. Bxe5 Ne8 14. Bxg7 Kxg7 15. Rd1 Nd6 16. Ke2 Rac8 (16... Nf5 $5 ) 17. g3 (17. Rhe1 $11) 17... e5 (17... b5 $15) 18. Bg2 (18. Rhe1 $11) 18... Ne6 $17 {Hoping for ...Nd4+.} 19. Rhe1 Nd4+ $1 {Excellent horsemanship.} 20. Kf1 f6 (20... Nxc2 21. Rxe5 Nc4 22. Rxd8 Rxd8 23. Re7 $16) 21. Rc1 Nc4 22. Bxb7 Rc7 23. Be4 f5 $1 24. Bd3 Nxb2 25. Nb5 Nxb5 26. Bxb5 e4 27. c3 Rd5 28. a4 Rdc5 {Black is much more active.} 29. Rc2 Nc4 (29... Rxc3 $2 30. Rxb2 Kf6 31. h4 $18) 30. Ra1 Kh6 31. Bxc4 Rxc4 {[%mdl 4096] Endgame KRR-KRR} 32. Ra3 Rb7 (32... Kg5 $17) 33. Rd2 Rc6 34. a5 a6 35. Kg2 Rb5 36. h4 (36. f3 $11) 36... Rcc5 37. Rda2 Kh5 38. f3 exf3+ 39. Kxf3 h6 40. Kg2 (40. Rc2 $15) 40... Rc4 41. Rd2 {Repels Rd5} Kg4 (41... g5 $17 42. Kf3 Rcc5) 42. Rda2 $1 $15 Kh5 43. Rd2 {Repels Rd5} g5 $1 44. hxg5 hxg5 45. Kf3 Re4 46. Ra1 (46. Rh2+ $15 Kg6 47. Re2 g4+ 48. Kf2) 46... g4+ $17 47. Kf2 {[#]} Kg5 (47... Rc4 $1 $17 48. Ra3 Rc6) 48. Raa2 $15 Rc5 (48... Rc4 $5 49. Ra3 (49. Rd6 $2 Rxc3 50. Rb6 Re5 $19) 49... Rb8 $17) 49. Rd3 (49. Rd6 $2 Rxc3 50. Rd8 (50. Rxa6 $2 Rf3+ 51. Kg2 Ree3 $19) 50... Rf3+ 51. Kg2 Ree3 52. Rg8+ Kf6 $19) (49. Rd8 $15) 49... Ree5 (49... Rec4 $17 50. Ra3 (50. Rd6 Rxc3 51. Rd8 Rf3+ 52. Kg2 Rcc3 $19) 50... Rb5) 50. Ra3 ({White should try} 50. Rad2 $1 $15) 50... Rxa5 (50... Rc7 $17 51. Re3 Rd5) 51. Rxa5 Rxa5 $17 {KR-KR} 52. Rd6 $1 Ra2+ 53. Kg1 Ra3 54. Kg2 (54. Kf2 $15) 54... a5 55. c4 {[#]} Re3 (55... Ra4 $1 $17 56. Rc6 Rb4) 56. Rd5 $2 {[%mdl 8192] This move loses the game for White.} (56. c5 $15) 56... a4 $19 {Black is clearly winning.} 57. Ra5 a3 58. Ra6 Rc3 59. Kf2 Rc2+ ({Weaker is} 59... Rxc4 60. Rxa3 Rc2+ 61. Kf1 $15) 60. Ke3 Rg2 ({Inferior is} 60... Rxc4 61. Rxa3 Rc2 62. Rb3 $17) 61. c5 Rxg3+ 62. Kd4 Rf3 63. c6 g3 64. Ra8 Kf4 65. c7 g2 {Weighted Error Value: White=0.34/Black=0.13 (very precise)} 0-1

[Event "Croatian Championship 2023"]
[Site "Zagreb"]
[Date "2023.12.06"]
[Round "2.3"]
[White "Rogic, Davor"]
[Black "Fercec, Nenad"]
[Result "1/2-1/2"]
[ECO "B50"]
[WhiteElo "2431"]
[BlackElo "2401"]
[Annotator "RC"]
[PlyCount "74"]
[EventDate "2023.12.05"]
[EventType "tourn"]
[EventCountry "CRO"]
[SourceTitle "playchess.com"]
[Source "ChessBase"]
[SourceQuality "1"]
[TimeControl "40/5400+30:1800+30"]

1. e4 c5 2. Nf3 d6 3. Bc4 e6 4. O-O Nf6 5. Re1 Be7 6. d3 O-O 7. Nbd2 d5 8. Bb3 Nc6 9. c3 b5 10. e5 Nd7 11. Nf1 d4 12. Ng3 Nb6 13. cxd4 Nxd4 14. Nxd4 Qxd4 15. Re4 Qd7 16. Qh5 Nd5 17. Bg5 Bxg5 18. Qxg5 Qe7 19. Qh5 g6 20. Qh6 f5 21. exf6 Qxf6 22. Qd2 Bb7 23. Rae1 Rae8 24. f3 Nf4 25. R4e3 Qg5 26. Qa5 h5 27. Re5 Qd8 28. Qc3 Qxd3 29. Rxc5 Bd5 30. Rd1 Qxc3 31. bxc3 h4 32. Ne4 h3 33. gxh3 Nxh3+ 34. Kg2 Nf4+ 35. Kg3 Ne2+ 36. Kg2 Nf4+ 37. Kg3 Ne2+ 1/2-1/2

[Event "Croatian Championship 2023"]
[Site "Zagreb"]
[Date "2023.12.06"]
[Round "2.4"]
[White "Bukal, Vladimir Jr."]
[Black "Bosiocic, Marin"]
[Result "0-1"]
[ECO "E16"]
[WhiteElo "2337"]
[BlackElo "2545"]
[Annotator "TA"]
[PlyCount "55"]
[EventDate "2023.12.05"]
[EventType "tourn"]
[EventCountry "CRO"]
[SourceTitle "playchess.com"]
[Source "ChessBase"]
[SourceQuality "1"]
[TimeControl "40/5400+30:1800+30"]

1. d4 Nf6 2. c4 e6 3. g3 Bb4+ 4. Nd2 O-O 5. Bg2 d5 6. Ngf3 b6 7. O-O Bb7 8. cxd5 exd5 (8... Qxd5 $2 9. Ne1 $18) 9. Qb3 {E16: Queen's Indian: 4 g3 Bb7 5 Bg2 Bb4+.} Be7 10. Nb1 {[#]} h6 $146 ({Predecessor:} 10... Nbd7 11. Nc3 Re8 12. Rd1 Nf8 13. Ne5 Ne6 14. Qa4 Bf8 15. Be3 a6 16. Rac1 Rc8 {½-½ Firouzja,A (2607)-Yu,Y (2764) Wch Blitz St Petersburg 2018 (19)}) 11. Nc3 {The position is equal.} Na6 12. Bf4 Re8 13. Rad1 Bf8 14. Rfe1 Qe7 15. Be5 Rad8 16. Bxf6 (16. Nh4 {keeps more tension.} Ne4 17. Ng6 Qd7 18. Nxf8 Rxf8 19. Bf4) 16... Qxf6 17. Ne5 Qe6 18. f4 f6 19. e4 fxe5 20. exd5 Qf7 21. fxe5 {[#] aiming for Rf1.} Kh8 $1 22. Rf1 Qd7 (22... Qg8 $1 $11) 23. a3 ({White should try} 23. Qc2 $16 {Strongly threatening Qg6.} Re7 24. Rf2) 23... c5 $14 {...cxd4 would be deadly.} 24. e6 Qe7 25. Rf7 {[%mdl 64] [#] Deflection} Qg5 {[%cal Oc5d4] Threatens to win with ...cxd4!} 26. Rxb7 (26. dxc5 Nxc5) 26... Qe3+ 27. Kh1 cxd4 {Hoping for ...Nc5.} 28. Qc2 {Weighted Error Value: White=0.14 (very precise) /Black=0.11 (very precise)} 0-1

[Event "Croatian Championship 2023"]
[Site "Zagreb"]
[Date "2023.12.06"]
[Round "2.6"]
[White "Tica, Sven"]
[Black "Kovacevic, Blazimir"]
[Result "1-0"]
[ECO "E00"]
[WhiteElo "2448"]
[BlackElo "2400"]
[Annotator "RC"]
[PlyCount "108"]
[EventDate "2023.12.05"]
[EventType "tourn"]
[EventCountry "CRO"]
[SourceTitle "playchess.com"]
[Source "ChessBase"]
[SourceQuality "1"]
[TimeControl "40/5400+30:1800+30"]

1. d4 Nf6 2. c4 e6 3. g3 Bb4+ 4. Bd2 Be7 5. Bg2 d5 6. Nf3 Ne4 7. Nc3 c6 8. Qc2 f5 9. Bf4 Nd7 10. h4 O-O 11. O-O h6 12. Nxe4 fxe4 13. Ne5 Nxe5 14. Bxe5 Bd6 15. f3 Bxe5 16. dxe5 exf3 17. exf3 Qe7 18. Kh2 Bd7 19. f4 Rad8 20. Rad1 Be8 21. cxd5 cxd5 22. Bh3 Bb5 23. Rf2 Rc8 24. Qb3 a6 25. a4 Bc6 26. Qa3 Kf7 27. Qb3 Kg8 28. Rd4 Rc7 29. Qb6 Rcc8 30. Qb4 Rfe8 31. Qd2 Bd7 32. Bg4 Rc5 33. Bd1 Rec8 34. Bb3 Kh8 35. Qd3 Qe8 36. Bc2 Qg8 37. h5 Be8 38. g4 Rc4 39. Rxc4 Rxc4 40. b3 Rc6 41. Bb1 a5 42. Rg2 Bf7 43. Kh3 Rc1 44. Rf2 Rc6 45. Kg2 Be8 46. Kh2 Bf7 47. f5 exf5 48. Qxf5 Be6 49. Qd3 Rc8 50. Qg6 Bd7 51. Rf7 Be8 52. e6 Rc1 53. Qf5 Rxb1 54. Rf8 Re1 1-0

[Event "Croatian Championship 2023"]
[Site "Zagreb"]
[Date "2023.12.06"]
[Round "3.1"]
[White "Kovacevic, Blazimir"]
[Black "Livaic, Leon"]
[Result "0-1"]
[ECO "A16"]
[WhiteElo "2400"]
[BlackElo "2543"]
[Annotator "TA"]
[PlyCount "100"]
[EventDate "2023.12.05"]
[EventType "tourn"]
[EventCountry "CRO"]
[SourceTitle "playchess.com"]
[Source "ChessBase"]
[SourceQuality "1"]
[TimeControl "40/5400+30:1800+30"]

1. c4 g6 2. g3 Bg7 3. Bg2 d6 4. Nc3 Nf6 5. e4 h5 6. h3 {A16: English Opening: 1...Nf6 with ...d5.} Nc6 7. d3 {[#]} Nd7 $146 ({Predecessor:} 7... Nd4 8. Nge2 c5 9. Nxd4 cxd4 10. Nd5 Nh7 11. Bd2 e6 12. Nf4 h4 13. gxh4 Qxh4 {0-1 Nagy,G (2439)-Maksimovic,B (2502) EU-Cup 38th Durres 2023 (5.1)}) 8. Nge2 {White has an edge.} e5 9. h4 Nc5 10. Bg5 f6 11. Be3 Ne6 12. Nd5 O-O (12... Ncd4 $11 {should be considered.}) 13. Qd2 (13. f4 $14) 13... Ncd4 $11 14. Nxd4 Nxd4 15. O-O c6 16. Nc3 (16. Nf4 $5 ) 16... f5 17. exf5 Nxf5 18. Bg5 Qb6 19. Kh2 Be6 20. Rae1 Rae8 21. Nd1 Kh7 22. b3 Rf7 23. f3 Ref8 24. Nf2 (24. f4 {is more complex.} Qd4 25. Re4 Qc5 26. Ree1) 24... Kg8 25. Nh3 Bc8 26. Ng1 Qc7 27. Bh3 b6 28. Bxf5 Rxf5 29. Be3 c5 30. Rf2 Bb7 31. Ref1 d5 32. Bh6 Qc6 (32... d4 $17) 33. Bxg7 Kxg7 34. Qe3 (34. Nh3 $1 $11 {keeps the balance.}) 34... Qf6 (34... d4 $17 35. Qd2 Qf6) 35. cxd5 Bxd5 36. Kg2 g5 37. hxg5 Rxg5 (37... Qxg5 {simplifies} 38. Qxg5+ Rxg5 39. Kh2 Rgf5) 38. Kh2 Rf5 $36 {[%mdl 2048] Black has the initiative.} 39. Kg2 (39. Nh3 $11) 39... Bb7 {Black is more active.} (39... h4 {seems wilder.} 40. g4 Rf4 41. Kh3 Qg5) 40. Nh3 Rd8 41. Kh2 Qd6 42. f4 (42. g4 {feels hotter.} e4+ 43. Kh1 hxg4 44. dxe4 Rh8 45. fxg4 Bxe4+ 46. Kg1) 42... Qxd3 43. Qxd3 (43. Qe1 $1 $11) 43... Rxd3 $17 44. fxe5 (44. Re1 $17 {was called for.}) 44... Rxf2+ $19 45. Rxf2 $15 {[%mdl 4096] Endgame KRB-KRN} Re3 (45... Rd1 $142 $1 46. g4 hxg4) 46. Nf4 Rxe5 47. Kh3 {[#] Loses the game.} (47. Rd2 $17 Bc8 48. Kg2) 47... Kh6 $1 $19 {Strongly threatening ...Re1.} 48. Rd2 $2 {[#]} (48. Ng2 {was necessary.}) 48... Re1 $1 49. Rd6+ Kg5 50. Ne6+ {[#]} (50. Rd2 $142) 50... Rxe6 $1 {[%mdl 512] Weighted Error Value: White=0.31/Black=0.15 (very precise)} 0-1

[Event "Croatian Championship 2023"]
[Site "Zagreb"]
[Date "2023.12.06"]
[Round "3.3"]
[White "Bosiocic, Marin"]
[Black "Rezan, Sasa"]
[Result "1-0"]
[ECO "E05"]
[WhiteElo "2545"]
[BlackElo "2406"]
[Annotator "TA"]
[PlyCount "137"]
[EventDate "2023.12.05"]
[EventType "tourn"]
[EventCountry "CRO"]
[SourceTitle "playchess.com"]
[Source "ChessBase"]
[SourceQuality "1"]
[TimeControl "40/5400+30:1800+30"]

1. Nf3 Nf6 2. g3 d5 3. Bg2 e6 4. O-O Be7 5. c4 O-O 6. d4 dxc4 7. Qc2 c6 {E05: Open Catalan: 5 Nf3 Be7.} 8. a4 b6 9. Qxc4 Ba6 {The position is equal.} 10. Qc2 Nbd7 11. Nc3 Rc8 12. Rd1 Nd5 13. e4 Nb4 14. Qb1 {[#]} Bb7 $146 ({Predecessor:} 14... Re8 15. Be3 c5 16. Rd2 cxd4 17. Nxd4 Bc5 18. Qd1 Qf6 19. Nf3 Bxe3 20. Rxd7 Bc5 {0-1 Akdogan,A (2260)-Sabuk,P (2369) Lvov Tradition IM 06 2018 (9)}) 15. h4 a5 16. e5 h6 17. Qe4 Qe8 18. Qg4 Kh8 19. Bf4 Nd5 (19... c5 $5 ) 20. Nxd5 cxd5 21. Rac1 Rxc1 22. Rxc1 Ba6 23. Rc7 (23. Qh5 $5) 23... Be2 24. Bf1 Bd8 25. Rc3 Bxf1 26. Kxf1 $40 {[%mdl 128] White has some attack.} f5 27. Qh3 Nb8 28. b3 Qh5 29. Kg2 Na6 30. Qh1 Nb4 $1 31. Bd2 Qg4 32. Rc8 Kg8 (32... f4 $11 33. Bxb4 axb4) 33. Bxb4 $16 axb4 34. Rc6 Qg6 (34... h5 $14) 35. Qb1 Re8 36. Qc1 {White is more active.} Qf7 (36... Rf8 $16 {might work better.}) 37. Ng1 $18 g5 38. hxg5 hxg5 39. Nh3 (39. Rc8 $18 {[%cal Oc8d8] and White stays clearly on top. Strongly threatening Rxd8!} Qd7 40. Nh3) 39... g4 $2 {[%mdl 8192] Loses the game.} (39... Qh5 $16) 40. Nf4 Bg5 41. Rxb6 Bxf4 42. gxf4 {[%mdl 4096] Endgame KQR-KQR} Kg7 43. Qc6 {[%cal Oa4a5] Black must now prevent a5!} g3 {[#]} (43... Re7 $18 44. Qd6 Re8 45. Qxb4 (45. Rxb4 g3 $11) 45... Qh5) 44. Rb7 $1 (44. Kxg3 Qh5 45. f3 (45. Rxb4 $2 Qg4+ 46. Kh2 Rh8#) 45... Qh1 $11) 44... Re7 45. Rxe7 ({Worse is} 45. Rxb4 Qh5 46. Kxg3 Qg4+ 47. Kh2 Kg6 $11) 45... Qxe7 46. fxg3 {KQ-KQ} Qa7 47. Qc5 (47. Qxe6 $142 Qxd4 48. Qxf5 Qe3 49. e6 Qe1 50. Qf7+ Kh6 51. Qf6+ Kh7 52. e7) 47... Qa6 48. Qc2 (48. Qxb4 Qe2+ 49. Kg1 Qe3+ 50. Kf1 Kg6 $16) 48... Qb6 49. Qd2 Kg6 50. Kf2 Kh5 51. Qe2+ Kg6 52. Ke3 Qc6 53. Qd2 {Wards off Qc1} Qb6 54. Qc2 Qa6 {Inhibits Qc8.} 55. Qd3 {Prevents Qf1} Qc6 (55... Qc8 $142 56. Kd2 Qh8) 56. Kd2 Kh5 57. Qc2 Qa6 58. Ke1 {[#] Qe2+ would kill now.} Kh6 59. Qe2 (59. g4 $142) 59... Qb6 60. Qd1 Qc6 61. Qd2 Qb6 $2 (61... Kh5 62. Kf2 (62. Qxb4 Qc1+ 63. Ke2 Qc2+ 64. Ke3 Kg4 $14) 62... Kh6) 62. Kd1 {[%cal Og3g4] aiming for g4!} Kh5 63. Qh2+ Kg4 $2 (63... Kg6 $18 64. Qd2 Qb8) 64. Qf2 $2 (64. Ke2 {mates} Qd8 65. a5 Qe7 66. a6 Qg5 67. fxg5 Kxg5 68. a7 f4 69. a8=Q fxg3 70. Qxg3+ Kf5 71. Qf8+ Ke4 72. Qh4#) 64... Qc6 65. Qc2 Qb7 $2 (65... Qb6 66. Ke2 Qxd4) 66. Qd3 Qc7 67. Ke2 Kh3 (67... Kh5 $18 68. Qd2 Qc6) 68. Kf2 Kh2 69. Qe2 {Weighted Error Value: White=0.22 (precise) /Black=0.50} 1-0

[Event "Croatian Championship 2023"]
[Site "Zagreb"]
[Date "2023.12.06"]
[Round "3.4"]
[White "Fercec, Nenad"]
[Black "Bukal, Vladimir Jr."]
[Result "1-0"]
[ECO "C64"]
[WhiteElo "2401"]
[BlackElo "2337"]
[Annotator "RC"]
[PlyCount "75"]
[EventDate "2023.12.05"]
[EventType "tourn"]
[EventCountry "CRO"]
[SourceTitle "playchess.com"]
[Source "ChessBase"]
[SourceQuality "1"]
[TimeControl "40/5400+30:1800+30"]

1. e4 e5 2. Nf3 Nc6 3. Bb5 a6 4. Ba4 Bc5 5. O-O Nge7 6. c3 Ng6 7. d4 Ba7 8. Bg5 f6 9. Be3 O-O 10. d5 Nce7 11. Bxa7 Rxa7 12. d6 cxd6 13. Qxd6 b5 14. Bb3+ Kh8 15. a4 Rb7 16. axb5 Rxb5 17. Nbd2 Rb6 18. Qa3 f5 19. Nc4 fxe4 20. Nfxe5 Rbf6 21. Ng4 Rf4 22. Nge3 Bb7 23. Nd6 Bc6 24. Qc5 Qb8 25. Bc2 R8f6 26. Rad1 Re6 27. Rd4 Qf8 28. Bb3 Ref6 29. Qc4 Ne5 30. Qe2 N7g6 31. Qd2 Nh4 32. Bd1 Rg6 33. Kh1 Nhf3 34. gxf3 Qf6 35. Ng2 Rxg2 36. Kxg2 Qg5+ 37. Kh1 Ng6 38. Nf7+ 1-0